 Dungeon Crawl Stone Soup version 0.22.0-49-gab54619 (webtiles) character file.

3591 harcile the Carver (level 10, -3/88 HPs)
             Began as a Hill Orc Berserker on Sept 7, 2018.
             Was an Elder of Trog.
             Slain by an ice beast (14 damage)
             ... on level 8 of the Dungeon.
             The game lasted 00:15:15 (5552 turns).

harcile the Carver (Hill Orc Berserker)             Turns: 5552, Time: 00:15:16

Health: -3/88      AC: 12    Str: 23    XL:     10   Next: 10%
Magic:  10/10      EV: 13    Int:  7    God:    Trog [****..]
Gold:   254        SH:  0    Dex: 14    Spells: 9/9 levels left

rFire    . . .     SeeInvis .   B - +0 scimitar
rCold    . . .     Gourm    .   (no shield)
rNeg     . . .     Faith    .   g - +0 ring mail
rPois    .         Spirit   .   l - +0 helmet
rElec    .         Reflect  .   (no cloak)
rCorr    .         Harm     .   H - +2 pair of gloves
MR       .....                  F - +0 pair of boots
Stlth    +.........             d - amulet of regeneration
HPRegen  0.64/turn              p - ring of flight
MPRegen  0.12/turn              v - +3 ring of dexterity

@: lethally poisoned (-3 -> -4)
A: no striking features
a: Berserk, Trog's Hand, Brothers in Arms, Renounce Religion, Evoke Flight


You were on level 8 of the Dungeon.
You worshipped Trog.
Trog was greatly pleased with you.
You were not hungry.

You visited 1 branch of the dungeon, and saw 8 of its levels.

You collected 464 gold pieces.
You spent 210 gold pieces at shops.

Inventory:

Hand Weapons
 a - a +0 falchion
 w - a +0 long sword
 B - a +0 scimitar (weapon)
Armour
 b - a +0 animal skin
 g - a +0 ring mail (worn)
 l - a +0 helmet (worn)
 s - a +0 pair of gloves
 D - a +0 chain mail
 F - a +0 pair of boots (worn)
 H - a +2 pair of gloves (worn)
Jewellery
 d - an amulet of regeneration (around neck)
 p - a ring of flight (left hand)
 v - a +3 ring of dexterity (right hand)
 x - a +3 ring of intelligence
 G - an uncursed amulet of magic regeneration
 K - an uncursed ring of protection from cold {unknown}
Wands
 J - a wand of iceblast (5)
Scrolls
 e - a scroll of teleportation {unknown}
 f - 6 scrolls of remove curse {unknown}
 h - a scroll of magic mapping {unknown}
 i - 8 scrolls of identify {unknown}
 n - a scroll of blinking {unknown}
 o - 3 scrolls of enchant armour {unknown}
 q - 2 scrolls of enchant weapon {unknown}
 r - a scroll of fog {unknown}
 y - a scroll of random uselessness {unknown}
 A - 2 scrolls of fear {unknown}
Potions
 j - 2 potions of mutation {unknown}
 k - 3 potions of curing {unknown}
 m - a potion of lignification {unknown}
 t - 2 potions of flight {unknown}
 u - a potion of cancellation {unknown}
 z - a potion of magic {unknown}
 C - a potion of brilliance {unknown}
 E - 3 potions of haste {unknown}
Comestibles
 c - 19 rations
 I - 11 chunks of flesh


   Skills:
 + Level 8.1 Fighting
 + Level 11.1 Long Blades
 + Level 7.3 Armour
 + Level 4.1 Dodging
 + Level 1.5 Stealth


You had 9 spell levels left.
You didn't know any spells.
Your spell library was empty.

Dungeon Overview and Level Annotations

Branches:
Dungeon (8/15)             Temple (0/1) D:7
   Lair: D:8-11

Altars:
Elyvilon
Fedhas
Makhleb
Nemelex Xobeh
Trog
Vehumet
Xom
Yredelemnul

Shops:
D:6 [


Message History

You feel sick.
The ice beast hits you but does no damage.
You barely miss the ice beast.
The ice beast is moderately wounded.
You feel sick. The ice beast hits you. The ice beast freezes you!
You barely miss the ice beast.
The ice beast is moderately wounded.
The ice beast hits you. The ice beast freezes you!
You hit the ice beast but do no damage.
The ice beast is moderately wounded.
You feel sick. The ice beast hits you.
* * * LOW HITPOINT WARNING * * *
The ice beast freezes you!
* * * LOW HITPOINT WARNING * * *
You slash the ice beast!
The ice beast is almost dead.
You feel sick. The ice beast hits you.
* * * LOW HITPOINT WARNING * * *
The ice beast freezes you!
You die...

#.......# #.......#
#.......#
#####+#.......#
#............##
#.............##
#........Y.....#
#.......@......#
#.........8#8..#
####+####...<.....#[# #
#.................8#8.
#........####'##......#
#........#.....#......#
#........#.....#.....##
#........#.....#.....#
.).......#.....######..


You could see an ice beast.

Vanquished Creatures
  A hornet (D:7)
  A hippogriff (D:7)
  A yak (D:7)
  Menkaure (D:7)
  4 black bears
  7 ogres
  5 sky beasts
  3 centaurs (D:5)
  A big kobold (D:7)
  4 bullfrogs
  A scorpion (D:8)
  2 howler monkeys
  A bullfrog zombie (D:7)
  3 crimson imps
  2 hounds (D:6)
  3 orc wizards
  2 jellies
  A bullfrog skeleton (D:6)
  An iguana (D:6)
  8 worker ants
  3 howler monkey zombies
  4 gnolls (D:4)
  6 adders
  An adder skeleton (D:6)
  2 worms
  A dart slug (D:1)
  4 leopard geckos
  4 orcs
  4 ball pythons (D:2)
  9 bats
  5 giant cockroaches
  11 goblins
  5 hobgoblins
  18 jackals
  2 quokkas
  3 frilled lizards
  A jackal zombie (D:6)
  12 kobolds
  A leopard gecko skeleton (D:6)
  A leopard gecko zombie (D:7)
  9 rats
158 creatures vanquished.

Notes
Turn   | Place    | Note
-------+----------+-------------------------------------------
     0 | D:1      | harcile the Hill Orc Berserker began the quest for the Orb.
     0 | D:1      | Reached XP level 1. HP: 19/19 MP: 1/1
   219 | D:1      | Reached XP level 2. HP: 26/27 MP: 2/2
   741 | D:2      | Reached XP level 3. HP: 33/33 MP: 3/3
   762 | D:2      | Reached ** piety under Trog
   773 | D:2      | Reached skill level 4 in Long Blades
   849 | D:2      | Found a white marble altar of Elyvilon.
   898 | D:2      | Found a radiant altar of Vehumet.
   898 | D:2      | Found a burning altar of Makhleb.
   951 | D:2      | Found a basalt altar of Yredelemnul.
  1088 | D:2      | Reached XP level 4. HP: 40/40 MP: 4/4
  1176 | D:2      | Noticed a moth of wrath
  1179 | D:2      | Found a bloodstained altar of Trog.
  2017 | D:3      | Reached *** piety under Trog
  2133 | D:4      | Found a shimmering altar of Xom.
  2188 | D:4      | Reached skill level 5 in Long Blades
  2188 | D:4      | Reached XP level 5. HP: 41/47 MP: 5/5
  2594 | D:4      | Reached XP level 6. HP: 48/53 MP: 6/6
  2779 | D:4      | You fall through a shaft for 2 floors!
  2779 | D:6      | Noticed a sky beast
  2789 | D:6      | Killed a sky beast
  2789 | D:6      | Reached skill level 6 in Long Blades
  2841 | D:6      | Noticed a sky beast
  2857 | D:6      | Killed a sky beast
  2857 | D:6      | Reached skill level 5 in Fighting
  2857 | D:6      | Reached XP level 7. HP: 30/61 MP: 7/7
  2910 | D:5      | Entered Level 5 of the Dungeon
  3165 | D:5      | Reached skill level 5 in Armour
  3176 | D:5      | Reached skill level 7 in Long Blades
  3233 | D:5      | Reached XP level 8. HP: 60/69 MP: 8/8
  3806 | D:6      | Reached skill level 8 in Long Blades
  3945 | D:6      | Reached skill level 1 in Stealth
  4159 | D:6      | Reached **** piety under Trog
  4159 | D:6      | Reached skill level 9 in Long Blades
  4237 | D:6      | Reached XP level 9. HP: 70/78 MP: 9/9
  4313 | D:6      | Found Faschiuk's Antique Armour Emporium.
  4316 | D:6      | Bought a pair of embroidered gloves for 210 gold pieces
  4594 | D:7      | Noticed a hornet
  4605 | D:7      | Killed a hornet
  4606 | D:7      | Reached skill level 10 in Long Blades
  4778 | D:7      | Found a staircase to the Ecumenical Temple.
  5067 | D:7      | Noticed Menkaure
  5072 | D:7      | Killed Menkaure
  5358 | D:8      | Reached skill level 11 in Long Blades
  5358 | D:8      | Reached XP level 10. HP: 88/88 MP: 10/10
  5375 | D:8      | Found a blossoming altar of Fedhas.
  5393 | D:8      | Found a sparkling altar of Nemelex Xobeh.
  5552 | D:8      | Slain by an ice beast

Skill      XL: |  1  2  3  4  5  6  7  8  9 10 |
---------------+-------------------------------+-----
Fighting       | 4 5 6 7 8 |  8.1
Long Blades    | 4 5 6 7 9 11 | 11.1
Armour         | 3 4 5 6 7 |  7.3
Dodging        | 2 3 4 |  4.1
Stealth        | 1 |  1.5

Action                   |  1- 3 |  4- 6 |  7- 9 | 10-12 || total
-------------------------+-------+-------+-------+-------++-------
Melee: Falchion          |   113 |    48 |       |       ||   161
       Long sword        |       |   113 |    25 |       ||   138
       Scimitar          |       |       |   261 |    39 ||   300
Invok: Berserk           |       |     1 |     2 |       ||     3
  Eat: Chunk             |     1 |     7 |    10 |     1 ||    19
Armor: Ring mail         |    53 |    72 |   123 |     5 ||   253
       Animal skin       |     2 |       |       |       ||     2
Dodge: Dodged            |   110 |    87 |   186 |    14 ||   397
       Rpst.: Falchion   |    35 |     9 |       |       ||    44
       Long sword        |       |    11 |     4 |       ||    15
       Scimitar          |       |       |    51 |     6 ||    57
